 Dungeon Sprint DCSS version 0.17-a0-1711-gc5340a3 (webtiles) character file.

9800000 ztt the Intangible (level 27, -28/323 HPs)
             Began as an Ogre Gladiator on Aug 22, 2015.
             Was the Champion of Makhleb.
             Killed by the air
             ... invoked by a tyrant
              (39 damage)
             ... in the Dungeon (Sprint VIII: "Arena of Blood").
             The game lasted 00:03:22 (98 turns).

ztt the Intangible (Ogre Gladiator)                   Turns: 98, Time: 00:03:22

Health: -28/323    AC:  5    Str: 37    XL:     27
Magic:  41/54      EV: 21    Int:  7    God:    Makhleb [******]
Gold:   0          SH:  0    Dex: 10    Spells: 0 memorised, 80 levels left

rFire  . . .     SeeInvis .     l - +∞ Axe of Woe
rCold  . . .     Clarity  .     b - +0 robe
rNeg   . . .     SustAt   .     (no shield)
rPois  .         Gourm    .     c - +0 hat
rElec  .         Spirit   .     (no cloak)
rCorr  .         Warding  .     (gloves unavailable)
rMut   .         NoTele   +     (boots unavailable)
MR     ++...                    (no amulet)
Stlth  ++++++....               n - +30 ring of slaying
                                m - +30 ring of slaying

@: very resistant to hostile enchantments, very stealthy
A: unfitting armour, tough skin 1
a: Minor Destruction, Lesser Servant of Makhleb, Major Destruction, Greater
Servant of Makhleb, Renounce Religion


You were in the Dungeon.
You worshipped Makhleb.
Makhleb was exalted by your worship.
You were not hungry.

You visited 1 branch

Inventory:

Hand weapons
 a - a +0 war axe
 l - the +∞ Axe of Woe (weapon)
   (You found it in the Dungeon)
Missiles
 d - 3 throwing nets (quivered)
Armour
 b - a +0 robe (worn)
 c - a +0 hat (worn)
Jewellery
 m - a +30 ring of slaying (left hand)
 n - a +30 ring of slaying (right hand)
Scrolls
 k - a scroll of blinking
Potions
 f - a potion of curing
 g - a potion of heal wounds
 h - a potion of haste
 i - 2 potions of magic
 j - a potion of berserk rage
Comestibles
 e - a bread ration


   Skills:
 O Level 27 Fighting
 O Level 27 Axes
 O Level 27 Throwing
 O Level 27 Armour
 O Level 27 Dodging
 O Level 27 Stealth
 O Level 27 Unarmed Combat
 O Level 27 Spellcasting
 O Level 27 Invocations


You had 80 spell levels left.
You didn't know any spells.

Dungeon Overview and Level Annotations

Branches:
Dungeon (1/1)

Altars:
Makhleb


Innate Abilities, Weirdness & Mutations

You are too large for most types of armour.
You have tough skin (AC +1).


Message History

Makhleb accepts your kill.
Reactivating autopickup.
You feel a bit more experienced.
You hear a shout!
The eight-headed meat hydra calls on the powers of darkness!
The eight-headed meat hydra convulses!
Your body is wracked with pain!
* * * LOW HITPOINT WARNING * * *
The bag of meat convulses!
The tyrant waves its bony arms in wide circles.
The air twists around and strikes you!
* * * LOW HITPOINT WARNING * * *
The tyrant appears out of thin air!
A tyrant comes into view.
You hear a shout! x3
A bag of meat comes into view. It is wielding a +9 war axe.
A bag of meat comes into view. It is wielding a +9 war axe.
You hear a shout! x4
The tyrant waves its bony arms in wide circles.
The air twists around and strikes you!
You die...

......... #.......#
. #.......# ....
.###%L ...%###....
...%..###))......o
......._)))...Oo..
.....#%%.%)#).o....
... #_%<)_#.......
....X#L))@D#.D....#
......))_))§..%....
....§§o###§....%...
..###.o .§D)###.%..
#..2O.o.# ....
#C..o...# .
....o....
o...o......
....o.....2


You could see 2 tyrants, 2 eight-headed meat hydras and 2 bags of meat.

Vanquished Creatures
  Sigmund (D)
  8 hell beasts (D)
  3 greater mummies (D)
  A great orb of eyes (D)
  4 wraiths (D)
  11 vampire knights (D)
  40 ogres (D)
  3 liches (D)
  4 hydras (D)
  63 orcs (D)
  3 phantoms (D)
  8 hill giants (D)
  2 skeletal warriors (D)
  6 large abominations (D)
  6 small abominations (D)
  A crawling corpse (D)
164 creatures vanquished.

Vanquished Creatures (others)
  An ogre (D)
  3 orcs (D)
  4 crawling corpses (D)
8 creatures vanquished.

Grand Total: 172 creatures vanquished

Notes
Turn   | Place    | Note
--------------------------------------------------------------
     0 | D        | ztt the Ogre Gladiator began the quest for the Orb.
     0 | D        | Reached XP level 1. HP: 22/22 MP: 1/1
     4 | D        | Became a worshipper of Makhleb the Destroyer
     5 | D        | Noticed a meat berserker
     5 | D        | Noticed a bag of meat
     6 | D        | Killed a bag of meat
     6 | D        | Reached skill level 13 in Fighting
     6 | D        | Reached skill level 14 in Axes
     6 | D        | Reached skill level 16 in Dodging
     6 | D        | Reached XP level 2. HP: 27/52 MP: 2/2
     6 | D        | Reached XP level 3. HP: 30/59 MP: 3/3
     6 | D        | Reached XP level 4. HP: 34/68 MP: 4/4
     6 | D        | Reached XP level 5. HP: 38/76 MP: 5/5
     6 | D        | Reached XP level 6. HP: 42/85 MP: 6/6
     6 | D        | Reached XP level 7. HP: 45/93 MP: 7/7
     6 | D        | Reached XP level 8. HP: 49/102 MP: 8/8
     6 | D        | Reached XP level 9. HP: 52/110 MP: 9/9
     6 | D        | Reached XP level 10. HP: 56/119 MP: 10/10
     6 | D        | Reached XP level 11. HP: 59/127 MP: 11/11
     6 | D        | Reached XP level 12. HP: 63/136 MP: 12/12
     7 | D        | Noticed a bag of meat
     7 | D        | Noticed a bag of meat
     7 | D        | Noticed a meat berserker
     7 | D        | Killed a meat berserker
     7 | D        | Acquired Makhleb's first power
     7 | D        | Reached skill level 17 in Axes
     7 | D        | Reached skill level 20 in Dodging
     7 | D        | Reached XP level 13. HP: 66/154 MP: 13/13
     7 | D        | Reached XP level 14. HP: 69/163 MP: 14/14
     8 | D        | Noticed a bag of meat
     8 | D        | Noticed a meat berserker
     8 | D        | Noticed a meat berserker
     9 | D        | Killed a meat berserker
     9 | D        | Reached skill level 15 in Throwing
     9 | D        | Reached skill level 22 in Dodging
     9 | D        | Reached XP level 15. HP: 170/178 MP: 15/15
     9 | D        | Noticed a bag of meat
    11 | D        | Noticed a bag of meat
    11 | D        | Killed a meat berserker
    11 | D        | Acquired Makhleb's second power
    11 | D        | Reached skill level 24 in Dodging
    11 | D        | Reached XP level 16. HP: 175/192 MP: 16/16
    12 | D        | Killed a bag of meat
    12 | D        | Reached skill level 25 in Dodging
    12 | D        | Killed a bag of meat
    12 | D        | Acquired Makhleb's third power
    12 | D        | Reached skill level 26 in Dodging
    13 | D        | Noticed a meat berserker
    13 | D        | Noticed a meat berserker
    13 | D        | Killed a meat berserker
    13 | D        | Reached skill level 27 in Dodging
    13 | D        | Reached XP level 17. HP: 163/213 MP: 17/17
    14 | D        | Killed a bag of meat
    14 | D        | Acquired Makhleb's fourth power
    17 | D        | Killed a bag of meat
    17 | D        | Reached XP level 18. HP: 227/230 MP: 18/18
    18 | D        | Noticed a meat berserker
    19 | D        | Noticed a bag of meat
    19 | D        | Noticed a meat berserker
    19 | D        | Noticed a meat berserker
    19 | D        | Noticed a meat berserker
    19 | D        | Killed a meat berserker
    19 | D        | Reached skill level 27 in Fighting
    19 | D        | Reached skill level 27 in Axes
    21 | D        | Noticed a bag of meat
    21 | D        | Killed a meat berserker
    21 | D        | Acquired Makhleb's fifth power
    21 | D        | Reached skill level 27 in Throwing
    21 | D        | Reached XP level 19. HP: 245/245 MP: 19/19
    21 | D        | Killed a meat berserker
    21 | D        | Reached skill level 10 in Spellcasting
    21 | D        | Reached skill level 10 in Invocations
    22 | D        | Noticed a meat berserker
    22 | D        | Noticed a meat berserker
    23 | D        | Noticed a meat berserker
    23 | D        | Killed a meat berserker
    23 | D        | Reached XP level 20. HP: 256/256 MP: 19/38
    23 | D        | Killed a meat berserker
    23 | D        | Killed a bag of meat
    23 | D        | Reached skill level 15 in Stealth
    23 | D        | Reached skill level 15 in Unarmed Combat
    24 | D        | Noticed a bag of meat
    24 | D        | Killed a meat berserker
    24 | D        | Reached XP level 21. HP: 265/265 MP: 19/44
    24 | D        | Killed a bag of meat
    25 | D        | Noticed a bag of meat
    25 | D        | Noticed a large bag of meat
    25 | D        | Noticed a destroyer
    26 | D        | Killed a meat berserker
    26 | D        | Killed a meat berserker
    27 | D        | Noticed a large bag of meat
    27 | D        | Killed a bag of meat
    27 | D        | Reached XP level 22. HP: 275/275 MP: 20/50
    27 | D        | Killed a meat berserker
    28 | D        | Noticed a bag of meat
    28 | D        | Noticed a destroyer
    28 | D        | Noticed a bag of meat
    30 | D        | Noticed an eight-headed meat hydra
    30 | D        | Noticed an eight-headed meat hydra
    31 | D        | Noticed a meat berserker
    31 | D        | Killed a nine-headed meat hydra
    32 | D        | Killed a large bag of meat
    32 | D        | Reached skill level 27 in Spellcasting
    32 | D        | Reached skill level 27 in Invocations
    33 | D        | Noticed a bag of meat
    33 | D        | Noticed a destroyer
    33 | D        | Noticed a bag of meat
    33 | D        | Noticed a bag of meat
    33 | D        | Noticed a meat berserker
    33 | D        | Noticed a bag of meat
    33 | D        | Noticed a bag of meat
    33 | D        | Noticed a bag of meat
    33 | D        | Noticed a meat berserker
    33 | D        | Noticed a bag of meat
    34 | D        | Noticed a bag of meat
    34 | D        | Noticed a bag of meat
    34 | D        | Noticed a large bag of meat
    34 | D        | Killed a destroyer
    34 | D        | Reached skill level 27 in Stealth
    34 | D        | Reached XP level 23. HP: 284/284 MP: 22/54
    34 | D        | Killed a nine-headed meat hydra
    35 | D        | Noticed a bag of meat
    35 | D        | Noticed a bag of meat
    35 | D        | Noticed a bag of meat
    35 | D        | Noticed a meat berserker
    35 | D        | Noticed a bag of meat
    36 | D        | Noticed a bag of meat
    36 | D        | Noticed a meat berserker
    36 | D        | Killed a meat berserker
    36 | D        | Reached skill level 27 in Unarmed Combat
    36 | D        | Killed a destroyer
    36 | D        | Reached skill level 27 in Armour
    36 | D        | Reached XP level 24. HP: 229/295 MP: 22/54
    37 | D        | Noticed a bag of meat
    37 | D        | Noticed a meat berserker
    37 | D        | Noticed a destroyer
    37 | D        | Noticed a destroyer
    38 | D        | Noticed a sculptor of flesh
    38 | D        | Noticed a large bag of meat
    38 | D        | Killed a large bag of meat
    38 | D        | Killed a bag of meat
    38 | D        | Killed a destroyer
    39 | D        | Noticed a bag of meat
    39 | D        | Killed a meat berserker
    39 | D        | Reached XP level 25. HP: 304/304 MP: 23/54
    39 | D        | Killed a meat berserker
    40 | D        | Noticed a bag of meat
    40 | D        | Killed a meat berserker
    40 | D        | Killed a bag of meat
    41 | D        | Killed a bag of meat
    41 | D        | Killed a bag of meat
    41 | D        | Reached XP level 26. HP: 314/314 MP: 24/54
    42 | D        | Noticed an eight-headed meat hydra
    42 | D        | Killed a destroyer
    42 | D        | Killed a bag of meat
    42 | D        | Killed a bag of meat
    43 | D        | Killed a meat berserker
    43 | D        | Killed a bag of meat
    43 | D        | Reached XP level 27. HP: 323/323 MP: 24/54
    43 | D        | Killed a large bag of meat
    44 | D        | Noticed a bag of meat
    44 | D        | Noticed a meat berserker
    44 | D        | Noticed a bag of meat
    44 | D        | Killed a meat berserker
    44 | D        | Killed a bag of meat
    45 | D        | Noticed a bag of meat
    45 | D        | Killed a bag of meat
    46 | D        | Noticed a meat berserker
    46 | D        | Noticed a meat berserker
    46 | D        | Killed a bag of meat
    46 | D        | Killed a large bag of meat
    46 | D        | Killed a sculptor of flesh
    47 | D        | Killed a bag of meat
    48 | D        | Noticed a bag of meat
    48 | D        | Killed a bag of meat
    49 | D        | Noticed a bag of meat
    49 | D        | Noticed a bag of meat
    49 | D        | Noticed an accursed
    49 | D        | Killed a bag of meat
    49 | D        | Killed a bag of meat
    50 | D        | Noticed a bag of meat
    50 | D        | Noticed an accursed
    50 | D        | Noticed a meat berserker
    50 | D        | Noticed a bag of meat
    50 | D        | Killed a bag of meat
    50 | D        | Killed a meat berserker
    51 | D        | Noticed a large bag of meat
    51 | D        | Noticed a meat berserker
    51 | D        | Killed a meat berserker
    52 | D        | Noticed a bag of meat
    52 | D        | Noticed a bag of meat
    52 | D        | Noticed a destroyer
    52 | D        | Killed a bag of meat
    52 | D        | Killed a bag of meat
    52 | D        | Killed a bag of meat
    53 | D        | Noticed a bag of meat
    53 | D        | Noticed a destroyer
    53 | D        | Noticed a bag of meat
    53 | D        | Killed a bag of meat
    53 | D        | Killed a destroyer
    53 | D        | Killed a bag of meat
    54 | D        | Noticed a bag of meat
    54 | D        | Killed a meat berserker
    54 | D        | Killed a bag of meat
    55 | D        | Noticed a bag of meat
    55 | D        | Noticed a destroyer
    55 | D        | Killed a bag of meat
    56 | D        | Noticed an accursed
    56 | D        | Killed a meat berserker
    57 | D        | Killed a bag of meat
    57 | D        | Killed a large bag of meat
    57 | D        | Killed a bag of meat
    57 | D        | Killed a bag of meat
    58 | D        | Noticed a bag of meat
    58 | D        | Noticed a bag of meat
    58 | D        | Killed a nine-headed meat hydra
    58 | D        | Killed a destroyer
    58 | D        | Killed a meat berserker
    59 | D        | Noticed a bag of meat
    59 | D        | Killed a bag of meat
    59 | D        | Killed a bag of meat
    60 | D        | Killed a bag of meat
    60 | D        | Killed a bag of meat
    60 | D        | Killed an accursed
    60 | D        | Killed a destroyer
    61 | D        | Noticed a meat berserker
    61 | D        | Noticed a meat berserker
    61 | D        | Killed an accursed
    61 | D        | Killed a bag of meat
    62 | D        | Noticed a meat berserker
    62 | D        | Noticed a bag of meat
    62 | D        | Killed a destroyer
    62 | D        | Killed a bag of meat
    63 | D        | Killed a bag of meat
    63 | D        | Killed an accursed
    63 | D        | Lost intelligence.
    64 | D        | Noticed a large bag of meat
    64 | D        | Noticed a tyrant
    65 | D        | Noticed a bag of meat
    67 | D        | Noticed a bag of meat
    67 | D        | Killed a meat berserker
    67 | D        | Killed a bag of meat
    67 | D        | Killed a bag of meat
    67 | D        | Killed a meat berserker
    67 | D        | Killed a bag of meat
    67 | D        | Killed a meat berserker
    68 | D        | Killed a bag of meat
    68 | D        | Killed a large bag of meat
    68 | D        | Killed a bag of meat
    69 | D        | Noticed a meat berserker
    69 | D        | Noticed a meat beast
    69 | D        | Noticed a meat beast
    69 | D        | Noticed a destroyer
    69 | D        | Killed a meat beast
    69 | D        | Killed a bag of meat
    69 | D        | Killed a bag of meat
    70 | D        | Noticed a meat berserker
    70 | D        | Noticed a meat berserker
    70 | D        | Killed a bag of meat
    71 | D        | Noticed a meat berserker
    71 | D        | Killed a meat beast
    71 | D        | Killed a destroyer
    72 | D        | Noticed a bag of meat
    72 | D        | Noticed a dread
    72 | D        | Noticed a bag of meat
    72 | D        | Noticed a meat berserker
    72 | D        | Killed a meat berserker
    72 | D        | Noticed a bag of meat
    73 | D        | Noticed a meat beast
    73 | D        | Noticed a meat berserker
    73 | D        | Noticed a meat beast
    73 | D        | Noticed a tyrant
    73 | D        | Killed a meat berserker
    74 | D        | Noticed a meat berserker
    74 | D        | Noticed a bag of meat
    74 | D        | Noticed a meat berserker
    74 | D        | Noticed a large bag of meat
    74 | D        | Noticed a destroyer
    74 | D        | Killed a meat berserker
    74 | D        | Killed a tyrant
    74 | D        | Killed a dread
    75 | D        | Noticed a bag of meat
    75 | D        | Noticed a bag of meat
    75 | D        | Killed a meat berserker
    75 | D        | Killed a meat berserker
    75 | D        | Killed a meat beast
    76 | D        | Noticed a dread
    76 | D        | Noticed a bag of meat
    76 | D        | Noticed a dread
    76 | D        | Noticed a large bag of meat
    76 | D        | Killed a meat beast
    76 | D        | Killed a destroyer
    76 | D        | Noticed a bag of meat
    76 | D        | Noticed The Captor
    77 | D        | Noticed a bag of meat
    77 | D        | Noticed an eight-headed meat hydra
    77 | D        | Killed a meat berserker
    77 | D        | Killed a meat berserker
    78 | D        | Noticed a bag of meat
    78 | D        | Noticed a bag of meat
    78 | D        | Noticed a destroyer
    78 | D        | Noticed a sculptor of flesh
    78 | D        | Killed a bag of meat
    78 | D        | Killed a meat berserker
    79 | D        | Noticed a bag of meat
    79 | D        | Killed a bag of meat
    80 | D        | Noticed a bag of meat
    80 | D        | Killed a large bag of meat
    80 | D        | Killed a bag of meat
    81 | D        | Noticed a meat berserker
    81 | D        | Noticed a bag of meat
    81 | D        | Killed a bag of meat
    81 | D        | Killed a bag of meat
    82 | D        | Noticed a dread
    82 | D        | Killed a bag of meat
    82 | D        | Killed a large bag of meat
    82 | D        | Killed a tyrant
    83 | D        | Killed a bag of meat
    83 | D        | Killed a wretched soul
    83 | D        | Noticed a meat beast
    84 | D        | Noticed a meat beast
    84 | D        | Killed a bag of meat
    84 | D        | Killed a destroyer
    85 | D        | Noticed a meat berserker
    85 | D        | Noticed a bag of meat
    85 | D        | Noticed a tyrant
    85 | D        | Killed a dread
    85 | D        | Killed a dread
    86 | D        | Noticed a bag of meat
    86 | D        | Noticed a bag of meat
    86 | D        | Killed a bag of meat
    86 | D        | Killed a meat beast
    86 | D        | Killed a meat berserker
    87 | D        | Noticed a bag of meat
    87 | D        | Noticed a meat berserker
    87 | D        | Noticed a meat berserker
    87 | D        | Noticed a bag of meat
    87 | D        | Noticed a bag of meat
    87 | D        | Killed a meat berserker
    87 | D        | Killed a meat beast
    87 | D        | Killed a sculptor of flesh
    88 | D        | Killed The Captor
    88 | D        | Killed a bag of meat
    89 | D        | Noticed a meat berserker
    89 | D        | Killed a meat berserker
    89 | D        | Killed a dread
    89 | D        | Killed a bag of meat
    89 | D        | Killed a bag of meat
    89 | D        | Killed a bag of meat
    89 | D        | Noticed a bag of meat
    90 | D        | Noticed a meat beast
    90 | D        | Killed a meat berserker
    90 | D        | Killed a wretched soul
    91 | D        | Noticed a tyrant
    91 | D        | Killed a meat beast
    91 | D        | Killed a bag of meat
    91 | D        | Killed a bag of meat
    92 | D        | Noticed a meat beast
    92 | D        | Noticed a bag of meat
    92 | D        | Killed a meat berserker
    92 | D        | Killed a meat beast
    92 | D        | Killed a bag of meat
    92 | D        | Noticed a large bag of meat
    93 | D        | Noticed a meat berserker
    93 | D        | Noticed a bag of meat
    93 | D        | Killed a bag of meat
    93 | D        | Killed a meat berserker
    94 | D        | Killed a tyrant
    94 | D        | Killed a wretched soul
    95 | D        | Noticed a sculptor of flesh
    96 | D        | Killed a bag of meat
    97 | D        | Killed an observer
    97 | D        | HP: 10/323 [tyrant/the air (45)]
    98 | D        | Noticed a bag of meat
    98 | D        | Noticed a tyrant
    98 | D        | Noticed a bag of meat
    98 | D        | Killed from afar by a tyrant

Vault maps used:
D:        meatsprint

Action                   |  1- 3 |  4- 6 |  7- 9 | 10-12 | 13-15 | 16-18 | 19-21 | 22-24 | 25-27 || total
-------------------------+-------+-------+-------+-------+-------+-------+-------+-------+-------++-------
Melee: Executioner's axe |     1 |       |       |     1 |     2 |     6 |     4 |     6 |    55 ||    75
